 Dungeon Crawl Stone Soup version 0.30-a0-311-gf115ab0292 (webtiles) character file.

Game seed: 3518802350476392727

753 910rd the Cleaver (level 8, -10/71 HPs)
             Began as a Meteoran Fighter on Oct 25, 2022.
             Was an Initiate of Okawaru.
             Killed themself with a badly aimed iceblast (12 damage)
             ... on level 4 of the Dungeon.
             The game lasted 00:07:11 (593 turns).

910rd the Cleaver (Meteoran Fighter)                 Turns: 593, Time: 00:07:12

Health: -10/71     AC:  6    Str: 19 (20) XL:     8   Next: 27%
Magic:  9/9        EV:  9    Int:  9 (10) God:    Okawaru [......]
Gold:   45         SH:  5    Dex: 18 (19) Spells: 7/7 levels left

rFire   . . .      SeeInvis .    a - +0 war axe
rCold   . . .      Faith    .    c - +0 buckler
rNeg    . . .      Spirit   .    b - +0 scale mail
rPois   .          Reflect  .    (no helmet)
rElec   .          Harm     .    (no cloak)
rCorr   .          Rampage  .    (no gloves)
Will    +....                    (no boots)
Stlth   ..........               (no amulet)
HPRegen 0.31/turn                g - +6 ring of dexterity
MPRegen 0.11/turn                (no ring)

@: glowing
A: sense surroundings 1, otherworldly, glowing, explore regen
a: Renounce Religion


You were on level 4 of the Dungeon.
You worshipped Okawaru.
Okawaru was noncommittal.
You visited 2 branches of the dungeon, and saw 7 of its levels.

You collected 45 gold pieces.

Inventory:

Hand Weapons
 a - a +0 war axe (weapon)
Armour
 b - a +0 scale mail (worn)
 c - a +0 buckler (worn)
Magical Staves
 k - a staff of cold
Jewellery
 g - a +6 ring of dexterity (left hand)
Wands
 h - a wand of iceblast (7)
Scrolls
 d - 2 scrolls of identify {unknown}
 i - a scroll of silence {unknown}
 j - a scroll of amnesia {unknown}
 l - a scroll of immolation {unknown}


   Skills:
 + Level 6.8 Fighting
 - Level 8.0 Axes
 - Level 3.6 Armour
 - Level 3.6 Shields


You had 7 spell levels left.
You didn't know any spells.
Your spell library contained the following spells:

 Spells                   Type           Power      Damage    Failure   Level
 Shock                    Conj/Air       0%         1d3       83%         1
 Swiftness                Air            0%         N/A       99%         3
 Airstrike                Air            0%         2d(0-16)  100%        4


Dungeon Overview and Level Annotations

Branches:
Dungeon (6/15) Zot: 2992   Temple (1/1) D:5 Zot: 588

Altars:
Ashenzari
Cheibriados
Elyvilon
Nemelex Xobeh
Okawaru
Qazlal
Ru
Sif Muna
Wu Jian
Zin

Annotations:
D:1 1 transporter
D:3 Sigmund
D:6 Eustachio, Pikel


Innate Abilities, Weirdness & Mutations

You passively map a small area around you.
You are easily found by Zot.
You glow in the dark.
You regain HP and MP as you explore.


Message History

The orc hits you with a +0 flail!
* * * LOW HITPOINT WARNING * * *
You take 7 damage, and have 11/71 hp.
You hit the orc but do no damage.
The orc is almost dead.
The orc hits you with a +0 flail.
* * * LOW HITPOINT WARNING * * *
You take 4 damage, and have 7/71 hp.
You hit the orc.
You kill the orc!
Okawaru accepts your kill.
You closely miss the orc. The orc barely misses you.
You hit the orc.
The orc is lightly wounded.
The orc misses you.
You closely miss the orc.
The orc is lightly wounded.
The orc hits you with a +0 mace.
* * * LOW HITPOINT WARNING * * *
You take 3 damage, and have 5/71 hp.
You slash the orc!
You kill the orc!
Okawaru accepts your kill. Something hits you but does no damage.
You miss something. Something hits you but does no damage.
You hit something. Something hits you.
* * * LOW HITPOINT WARNING * * *
You take 2 damage, and have 4/71 hp.
You closely miss something. Something hits you but does no damage.
You miss something. Something hits you.
* * * LOW HITPOINT WARNING * * *
You take 3 damage, and have 2/71 hp.
You miss something. Something hits you but does no damage.
Aiming: Iceblast
Press: ? - help, Shift-Dir - straight line The mass of ice explodes!
The iceblast engulfs something!
Okawaru accepts your kill.
Reactivating autopickup.
You feel a bit more experienced. The iceblast engulfs you!
You die...

#........# #### #.>..[...#
#oo...... ...###........#
#........ ....#.........#
#..[..>.. ..............#
#o.>..... ..............#
#........ ..............#
#......)
......############...# **
..............).@)..#
........##########........
.....##.## #.#######* ,
.....##..# ###**
......##..# , ......# #.#
* ~ * ......# *.# , *
......###.# ~ * ,
........... ,


There were no monsters in sight!

Vanquished Creatures
  3 ice beasts (D:5)
  An orc warrior (D:4)
  A necrophage (D:4)
  A howler monkey (D:5)
  An orc priest (D:4)
  2 hounds (D:5)
  Ijyb (D:5)
  3 iguanas
  2 orc wizards
  5 adders
  7 orcs
  A ball python (D:4)
  An endoplasm (D:4)
  3 giant cockroaches
  2 hobgoblins
  A quokka (D:5)
35 creatures vanquished.

Notes
Turn   | Place    | Note
-------+----------+-------------------------------------------
     0 | D:1      | 910rd the Meteoran Fighter began the quest for the Orb.
     0 | D:1      | Reached XP level 1. HP: 19/19 MP: 2/2
    98 | D:3      | Reached skill level 3 in Axes
    98 | D:3      | Reached XP level 2. HP: 26/26 MP: 3/3
   105 | D:3      | Noticed Sigmund
   117 | D:3      | You fall into a shaft and drop 3 floors!
   126 | D:6      | Noticed Eustachio
   145 | D:6      | Reached skill level 4 in Axes
   145 | D:6      | Reached XP level 3. HP: 31/31 MP: 4/4
   147 | D:6      | Noticed an ogre
   147 | D:6      | Noticed a howler monkey
   150 | D:6      | Noticed Pikel
   150 | D:6      | Noticed a lemure
   150 | D:6      | Noticed a lemure
   150 | D:6      | Noticed a lemure
   151 | D:6      | Noticed a lemure
   161 | D:6      | Noticed a black bear
   164 | D:5      | Entered Level 5 of the Dungeon
   164 | D:5      | Noticed an ice beast
   176 | D:5      | Killed a howler monkey
   177 | D:5      | Reached skill level 5 in Axes
   177 | D:5      | Reached XP level 4. HP: 15/38 MP: 5/5
   180 | D:5      | Killed an ice beast
   180 | D:5      | Noticed an ice beast
   181 | D:5      | Reached skill level 6 in Axes
   181 | D:5      | Reached XP level 5. HP: 12/45 MP: 6/6
   181 | D:5      | Reached XP level 6. HP: 14/51 MP: 7/7
   181 | D:5      | Noticed an ice beast
   183 | D:5      | Found a white marble altar of Elyvilon.
   191 | D:5      | Became a worshipper of Elyvilon the Healer
   204 | D:5      | Killed an ice beast
   205 | D:5      | Reached skill level 7 in Axes
   206 | D:5      | Killed an ice beast
   207 | D:5      | Reached skill level 8 in Axes
   207 | D:5      | Reached XP level 7. HP: 21/59 MP: 8/8
   256 | D:5      | Found a staircase to the Ecumenical Temple.
   266 | Temple   | Entered the Ecumenical Temple
   271 | Temple   | Fell from the grace of Elyvilon
   271 | Temple   | Became a worshipper of Warmaster Okawaru
   293 | D:5      | Reached skill level 5 in Fighting
   360 | D:5      | Noticed Ijyb
   374 | D:5      | Killed Ijyb
   379 | D:5      | Found an ornate altar of the Wu Jian Council.
   450 | D:4      | Reached XP level 8. HP: 43/70 MP: 9/9
   591 | D:4      | HP: 2/71 [something (3)]
   593 | D:4      | Killed themself with a badly aimed iceblast

Illustrated notes

Levels and vault maps discovered:
D:1:      spicycebolla_arrival_transporter_tutorial, layout_basic
D:2:      layout_basic, basic_altar, shapermc_ecumenical_altar_mp_vishouse,
          uniq_terence
D:3:      layout_rooms, lemuel_coloured_pillars_altar,
          chequers_temple_overflow_minitemple, portal_sewer_entry_c,
          serial_shops, shop, minivault_26, grunt_ministairs_11, uniq_sigmund
D:4:      layout_rooms, nicolae_uskayaw_suspiria
D:5:      layout_basic, elyvilon_altar_3, mainiacjoe_overflow_alcove_4,
          minmay_temple_entry_large_hall, uniq_ijyb
D:6:      minmay_general_purpose_star, layout_loops_corners,
          mainiacjoe_overflow_catwalk, amcnicky_altar_gilded,
          minmay_misc_feat_rugged, uniq_pikel, uniq_eustachio, uniq_maggie
Temple:   hellmonk_temple_micro_hex

Skill      XL: |  1  2  3  4  5  6  7  8 |
---------------+-------------------------+-----
Axes           | 3 4 5 6 8 |  8.0
Fighting       | 4 5 6 |  6.8
Armour         | |  3.6
Shields        | |  3.6

Action                   |  1- 3 |  4- 6 |  7- 9 || total
-------------------------+-------+-------+-------++-------
Melee: War axe           |    21 |    12 |   103 ||   136
  Use: Scroll            |     1 |     1 |       ||     2
       Potion            |     1 |       |     2 ||     3
Armor: Scale mail        |    17 |    13 |    41 ||    71
Dodge: Dodged            |    15 |     8 |    29 ||    52
Block: Buckler           |     9 |     1 |    24 ||    34

Table legend: (Time is in decaauts)
 A = Elapsed time spent in this place.
 B = Non-inter-level travel time spent in this place.
 C = Inter-level travel time spent in this place.
 D = Time resting spent in this place.
 E = Time spent auto-exploring this place.
 F = Levels seen in this place.
 G = Mean time per level.
                   A        B        C        D        E       F      G
               +--------+--------+--------+--------+--------+-----+--------+
         Total |    618 |    585 |     33 |      0 |      0 |   7 |   88.3 |
       Dungeon |    607 |    574 |     33 |      0 |      0 |   6 |  101.2 |
        Temple |     11 |     11 |      0 |      0 |      0 |   1 |   11.0 |
               +--------+--------+--------+--------+--------+-----+--------+

Top non-repeatable levels by time:
     D:5: 254 daAuts
     D:4: 183 daAuts
     D:6: 49 daAuts
     D:2: 43 daAuts
     D:1: 41 daAuts
     D:3: 35 daAuts
  Temple: 11 daAuts
